TOP OF THE 1ST |
Eugene Emeralds batting - Pitching for Boise Hawks : RHP Danny Rasdall
|
Pitching: RHP Danny Rasdall
|
|
Batting: RHB Andy Huntley
|
0-0: Ground out 6-3 (Groundball, 6, EV 85.0 MPH)
|
Batting: RHB Du Kim
|
0-0: Called Strike 0-1: Foul Ball, location: 2F 0-2: Foul Ball, location: 2F 0-2: Ground out 4-3 (Groundball, 4, EV 84.4 MPH)
|
Batting: RHB Taylor Garofalo
|
0-0: Called Strike 0-1: Ground out 6-3 (Groundball, 6, EV 81.9 MPH)
|
Top of the 1st over - 0 runs, 0 hits, 0 errors, 0 left on base; Eugene 0 - Boise 0 |
BOTTOM OF THE 1ST |
Boise Hawks batting - Pitching for Eugene Emeralds : RHP Mark Duffy
|
Pitching: RHP Mark Duffy
|
|
Batting: SHB Pete Perla
|
0-0: Called Strike 0-1: Ball 1-1: Ball 2-1: Foul Ball, location: 2F 2-2: Ground out 6-3 (Groundball, 6, EV 83.1 MPH)
|
Batting: LHB Matt Steinke
|
0-0: Foul Ball, location: 2F 0-1: Swinging Strike 0-2: SINGLE (Groundball, 4MS, EV 71.9 MPH) (infield hit)
|
Batting: RHB Ernest Olkowicz
|
0-0: 2-RUN HOME RUN (Flyball, 9LD, EV 95.0 MPH), Distance : 341 ft
|
Batting: RHB Mike Manchester
|
0-0: Called Strike 0-1: Ball 1-1: Ground out 4-3 (Groundball, 4M, EV 104.4 MPH)
|
Batting: LHB Ryan Rodgers
|
0-0: DOUBLE (Line Drive, 7LS, EV 99.4 MPH)
|
Batting: LHB Roy Riess
|
0-0: Ball 1-0: Ball 2-0: Called Strike 2-1: Ball 3-1: Base on Balls
|
Pitching: LHP Virgílio Beyfus
|
|
Batting: RHB Bobby Gulsby
|
0-0: Called Strike 0-1: Ball 1-1: Foul Ball, location: 2F 1-2: Ball 2-2: Ball 3-2: Ground out 5-3 (Groundball, 5, EV 98.1 MPH)
|
Bottom of the 1st over - 2 runs, 3 hits, 0 errors, 2 left on base; Eugene 0 - Boise 2 |
TOP OF THE 2ND |
Eugene Emeralds batting - Pitching for Boise Hawks : RHP Danny Rasdall
|
Batting: RHB Leonardo Nava
|
0-0: Foul Ball, location: 2F 0-1: Called Strike 0-2: Ball 1-2: Ball 2-2: Strikes out looking
|
Batting: RHB Ricardo Aguinaga
|
0-0: Fly out, F9 (Flyball, 9, EV 88.1 MPH)
|
Batting: RHB Bill Holmes
|
0-0: Called Strike 0-1: Ball 1-1: Foul Ball, location: 2F 1-2: Foul Ball, location: 2F 1-2: Foul Ball, location: 2F 1-2: Strikes out swinging
|
Top of the 2nd over - 0 runs, 0 hits, 0 errors, 0 left on base; Eugene 0 - Boise 2 |
BOTTOM OF THE 2ND |
Boise Hawks batting - Pitching for Eugene Emeralds : LHP Virgílio Beyfus
|
Batting: RHB Max Schellekens
|
0-0: Ground out 5-3 (Groundball, 56, EV 105.0 MPH)
|
Batting: LHB Mick Knopp
|
0-0: Swinging Strike 0-1: Foul Ball, location: 2F 0-2: Foul Ball, location: 2F 0-2: Ground out 4-3 (Groundball, 4, EV 100.6 MPH)
|
Batting: SHB Pete Perla
|
0-0: Foul Ball, location: 2F 0-1: Ball 1-1: Foul Ball, location: 2F 1-2: Ball 2-2: Ball 3-2: Strikes out looking
|
Bottom of the 2nd over - 0 runs, 0 hits, 0 errors, 0 left on base; Eugene 0 - Boise 2 |
TOP OF THE 3RD |
Eugene Emeralds batting - Pitching for Boise Hawks : RHP Danny Rasdall
|
Batting: RHB Han-seung Hah
|
0-0: Ball 1-0: Called Strike 1-1: Ground out 6-3 (Groundball, 6, EV 85.0 MPH)
|
Batting: RHB Jerry Blas
|
0-0: Ball 1-0: Called Strike 1-1: Foul Ball, location: 2F 1-2: Foul Ball, location: 2F 1-2: Foul Ball, location: 2F 1-2: Ball 2-2: Strikes out looking
|
Batting: SHB Andrew Baron
|
0-0: Called Strike 0-1: Swinging Strike 0-2: Foul Ball, location: 2F 0-2: Foul Ball, location: 2F 0-2: Ball 1-2: Ball 2-2: Fly out, F9 (Flyball, 9, EV 89.4 MPH)
|
Top of the 3rd over - 0 runs, 0 hits, 0 errors, 0 left on base; Eugene 0 - Boise 2 |
BOTTOM OF THE 3RD |
Boise Hawks batting - Pitching for Eugene Emeralds : LHP Virgílio Beyfus
|
Batting: LHB Matt Steinke
|
0-0: Ball 1-0: Ball 2-0: Ball 3-0: Called Strike 3-1: Base on Balls
|
Pitching: RHP Karl Stuart
|
|
Batting: RHB Ernest Olkowicz
|
0-0: Ball Matt Steinke steals 2nd base 1-0: Ball Passed Ball! Matt Steinke to third 2-0: Ball 3-0: Ground out U3 (Groundball, 34S, EV 80.6 MPH) Matt Steinke scores
|
Batting: RHB Mike Manchester
|
0-0: Called Strike 0-1: Called Strike 0-2: Ball 1-2: SOLO HOME RUN (Flyball, 9D, EV 94.4 MPH), Distance : 354 ft
|
Batting: LHB Ryan Rodgers
|
0-0: Ball 1-0: Ball 2-0: Ball 3-0: Base on Balls
|
Batting: LHB Roy Riess
|
0-0: Ball 1-0: Foul Ball, location: 2F 1-1: Ball 2-1: Called Strike 2-2: Foul Ball, location: 2F 2-2: Foul Ball, location: 2F 2-2: Ball 3-2: Base on Balls Ryan Rodgers to second
|
Pitching: LHP Jose Urena
|
|
Batting: RHB Bobby Gulsby
|
0-0: Ball 1-0: Foul Ball, location: 2F 1-1: Fielders Choice at 2nd, 3-6 (Groundball, 34S, EV 88.1 MPH) Ryan Rodgers to third
|
Batting: RHB Max Schellekens
|
0-0: Swinging Strike 0-1: SINGLE (Flyball, 3D, EV 87.5 MPH) Ryan Rodgers scores Bobby Gulsby to second Runner from 2nd tries for 3rd, SAFE, throw by RF made to third
|
Batting: LHB Mick Knopp
|
0-0: DOUBLE (Line Drive, 8RXD, EV 108.8 MPH) Bobby Gulsby scores Max Schellekens to third
|
Batting: SHB Pete Perla
|
0-0: Called Strike 0-1: Foul Ball, location: 2F 0-2: Foul Ball, location: 2F 0-2: Ground out 6-3 (Groundball, 6S, EV 65.6 MPH)
|
Bottom of the 3rd over - 4 runs, 3 hits, 0 errors, 2 left on base; Eugene 0 - Boise 6 |
TOP OF THE 4TH |
Eugene Emeralds batting - Pitching for Boise Hawks : RHP Danny Rasdall
|
Batting: RHB Andy Huntley
|
0-0: Ball 1-0: Ball 2-0: Called Strike 2-1: Ball 3-1: Called Strike 3-2: Foul Ball, location: 2F 3-2: Ground out 2-3 (Groundball, 2L, EV 73.8 MPH)
|
Batting: RHB Du Kim
|
0-0: Swinging Strike 0-1: Ball 1-1: Hit by Pitch
|
Batting: RHB Taylor Garofalo
|
0-0: Fly out, F4 (Flyball, 34D, EV 92.5 MPH)
|
Batting: RHB Leonardo Nava
|
0-0: Called Strike 0-1: Called Strike 0-2: Ball 1-2: Fielders Choice at 2nd, 6-4 (Groundball, 6, EV 90.6 MPH)
|
Top of the 4th over - 0 runs, 0 hits, 0 errors, 1 left on base; Eugene 0 - Boise 6 |
BOTTOM OF THE 4TH |
Boise Hawks batting - Pitching for Eugene Emeralds : LHP Jose Urena
|
Batting: LHB Matt Steinke
|
0-0: Ball 1-0: Foul Ball, location: 2F 1-1: Ball 2-1: Ball 3-1: Base on Balls
|
Batting: RHB Ernest Olkowicz
|
0-0: Ball 1-0: Ball 2-0: Foul Ball, location: 2F 2-1: Fly out, F8 (Flyball, 8RD, EV 108.1 MPH)
|
Pitching: LHP Neal Brody
|
|
Batting: RHB Mike Manchester
|
0-0: Ball 1-0: Fly out, F9 (Flyball, 89S, EV 92.5 MPH)
|
Batting: LHB Ryan Rodgers
|
0-0: Called Strike 0-1: Ball 1-1: Swinging Strike 1-2: Strikes out swinging
|
Bottom of the 4th over - 0 runs, 0 hits, 0 errors, 1 left on base; Eugene 0 - Boise 6 |
TOP OF THE 5TH |
Eugene Emeralds batting - Pitching for Boise Hawks : RHP Danny Rasdall
|
Batting: RHB Ricardo Aguinaga
|
0-0: Ball 1-0: Called Strike 1-1: Called Strike 1-2: Fly out, F9 (Flyball, 89M, EV 81.9 MPH)
|
Batting: RHB Bill Holmes
|
0-0: Swinging Strike 0-1: Ball 1-1: Foul Ball, location: 2F 1-2: Strikes out looking
|
Batting: RHB Han-seung Hah
|
0-0: Ball 1-0: Ball 2-0: Ground out 4-3 (Groundball, 4MS, EV 84.4 MPH)
|
Top of the 5th over - 0 runs, 0 hits, 0 errors, 0 left on base; Eugene 0 - Boise 6 |
BOTTOM OF THE 5TH |
Boise Hawks batting - Pitching for Eugene Emeralds : LHP Neal Brody
|
Batting: LHB Roy Riess
|
0-0: Ball 1-0: Ball 2-0: Ball 3-0: Base on Balls
|
Batting: RHB Bobby Gulsby
|
0-0: Ball 1-0: Ball 2-0: Ball 3-0: Base on Balls Roy Riess to second
|
Batting: RHB Max Schellekens
|
0-0: Ball 1-0: Ball 2-0: SINGLE (Groundball, 56D, EV 104.4 MPH) Roy Riess to third Bobby Gulsby to second Runner from 3rd tries for Home, SAFE, throw by LF to home
|
Batting: LHB Mick Knopp
|
0-0: Ball 1-0: Ball 2-0: DOUBLE (Line Drive, 78D, EV 100.6 MPH) Bobby Gulsby scores Max Schellekens to third
|
Pitching: LHP Bernard Grose
|
|
Batting: SHB Pete Perla
|
0-0: Called Strike 0-1: SINGLE (Groundball, 4M, EV 78.8 MPH) (infield hit) Max Schellekens scores Mick Knopp to third
|
Batting: LHB Matt Steinke
|
0-0: Ball 1-0: Ball 2-0: Ball 3-0: Base on Balls Pete Perla to second
|
Batting: RHB Ernest Olkowicz
|
0-0: GRAND SLAM HOME RUN (Flyball, 89XD, EV 106.2 MPH), Distance : 388 ft
|
Batting: RHB Mike Manchester
|
0-0: Ball 1-0: Ball 2-0: Ball 3-0: Called Strike 3-1: Base on Balls
|
Batting: LHB Ryan Rodgers
|
0-0: Ball 1-0: SINGLE (Groundball, 4M, EV 104.4 MPH) Mike Manchester to second
|
Batting: LHB Roy Riess
|
0-0: Swinging Strike Passed Ball! Mike Manchester to third Ryan Rodgers to second 0-1: Ball Wild Pitch! Mike Manchester scores Ryan Rodgers to third 1-1: Ball 2-1: Foul Ball, location: 2F 2-2: DOUBLE (Flyball, 78D, EV 110.0 MPH) Ryan Rodgers scores
|
Pitching: RHP Alvaro Romero
|
|
Batting: RHB Bobby Gulsby
|
0-0: Swinging Strike 0-1: Ball Balk! Roy Riess to third 1-1: Ball 2-1: Swinging Strike 2-2: Ball Wild Pitch! Roy Riess scores 3-2: Base on Balls
|
Batting: RHB Max Schellekens
|
0-0: Fly out, F8 (Flyball, 8RD, EV 96.2 MPH)
|
Batting: LHB Mick Knopp
|
0-0: Swinging Strike 0-1: Fielders Choice at 2nd, 3-6 (Groundball, 3, EV 86.2 MPH)
|
Batting: SHB Pete Perla
|
0-0: Foul Ball, location: 2F 0-1: Ball 1-1: Called Strike 1-2: Strikes out swinging
|
Bottom of the 5th over - 10 runs, 6 hits, 0 errors, 1 left on base; Eugene 0 - Boise 16 |
TOP OF THE 6TH |
Eugene Emeralds batting - Pitching for Boise Hawks : RHP Danny Rasdall
|
Batting: RHB Jerry Blas
|
0-0: Fly out, F7 (Flyball, 7S, EV 71.9 MPH)
|
Batting: SHB Andrew Baron
|
0-0: DOUBLE (Groundball, 3L, EV 108.8 MPH)
|
Batting: RHB Andy Huntley
|
0-0: Ball 1-0: Ball 2-0: Foul Ball, location: 2F 2-1: Swinging Strike 2-2: Foul Ball, location: 2F 2-2: Fly out, F4 (Line Drive, 4, EV 64.4 MPH) Lined into DP, 4-6 (Line Drive, 4, EV 69.4 MPH)
|
Top of the 6th over - 0 runs, 1 hit, 0 errors, 0 left on base; Eugene 0 - Boise 16 |
BOTTOM OF THE 6TH |
Boise Hawks batting - Pitching for Eugene Emeralds : RHP Alvaro Romero
|
Batting: LHB Matt Steinke
|
0-0: Ball 1-0: Ball 2-0: Ball 3-0: Base on Balls
|
Batting: RHB Ernest Olkowicz
|
0-0: Foul Ball, location: 2F 0-1: Ball 1-1: Fly out, F2 (Popup, 23F, EV 80.0 MPH)
|
Pitching: RHP Jake Mitchell
|
|
Batting: RHB Mike Manchester
|
0-0: Called Strike 0-1: Ball 1-1: Ball 2-1: Ball 3-1: Fly out, F4 (Popup, 4S, EV 84.4 MPH)
|
Batting: LHB Ryan Rodgers
|
0-0: Called Strike 0-1: Ball 1-1: Foul Ball, location: 2F 1-2: Ball 2-2: SINGLE (Line Drive, 89S, EV 93.8 MPH) Matt Steinke to second
|
Batting: LHB Roy Riess
|
0-0: Called Strike 0-1: Ball 1-1: Ball 2-1: Ball 3-1: Base on Balls Matt Steinke to third Ryan Rodgers to second
|
Batting: RHB Bobby Gulsby
|
0-0: Ball 1-0: SINGLE (Line Drive, 56D, EV 98.8 MPH) Matt Steinke scores Ryan Rodgers to third Roy Riess to second
|
Batting: RHB Max Schellekens
|
0-0: Ball 1-0: Ground out U3 (Groundball, 34, EV 89.4 MPH)
|
Bottom of the 6th over - 1 run, 2 hits, 0 errors, 3 left on base; Eugene 0 - Boise 17 |
TOP OF THE 7TH |
Eugene Emeralds batting - Pitching for Boise Hawks : RHP Danny Rasdall
|
Batting: RHB Du Kim
|
0-0: Ball 1-0: Ball 2-0: Called Strike 2-1: Fly out, F9 (Flyball, 9D, EV 102.5 MPH)
|
Batting: RHB Taylor Garofalo
|
0-0: Foul Ball, location: 2F 0-1: Foul Ball, location: 2F 0-2: Ball 1-2: Ball 2-2: Ground out 5-3 (Groundball, 56S, EV 85.0 MPH)
|
Batting: RHB Leonardo Nava
|
0-0: Called Strike 0-1: Foul Ball, location: 2F 0-2: Foul Ball, location: 2F 0-2: Ball 1-2: Foul Ball, location: 2F 1-2: Strikes out swinging
|
Top of the 7th over - 0 runs, 0 hits, 0 errors, 0 left on base; Eugene 0 - Boise 17 |
BOTTOM OF THE 7TH |
Boise Hawks batting - Pitching for Eugene Emeralds : RHP Jake Mitchell
|
Pitching: RHP Jonathan Ridgely
|
|
Batting: LHB Mick Knopp
|
0-0: Ball 1-0: Ball 2-0: Foul Ball, location: 2F 2-1: Foul Ball, location: 2F 2-2: Strikes out looking
|
Pinch Hitting: RHB Jaden Mills
|
0-0: Called Strike 0-1: Foul Ball, location: 2F 0-2: Ball 1-2: Hit by Pitch
|
Batting: LHB Matt Steinke
|
0-0: Ball 1-0: Ball 2-0: Foul Ball, location: 2F 2-1: Ball 3-1: 2-RUN HOME RUN (Flyball, 9D, EV 95.6 MPH), Distance : 368 ft
|
Pinch Hitting: RHB Bob Staley
|
0-0: Ball 1-0: Ball 2-0: Ball 3-0: Base on Balls
|
Batting: RHB Mike Manchester
|
0-0: Fly out, F8 (Flyball, 78D, EV 86.2 MPH)
|
Batting: LHB Ryan Rodgers
|
0-0: Ball 1-0: Called Strike 1-1: Swinging Strike 1-2: Ball 2-2: Ball 3-2: Foul Ball, location: 2F 3-2: Base on Balls Bob Staley to second
|
Batting: LHB Roy Riess
|
0-0: Ball 1-0: Ball 2-0: Ball 3-0: Base on Balls Bob Staley to third Ryan Rodgers to second
|
Batting: RHB Bobby Gulsby
|
Balk! Bob Staley scores Ryan Rodgers to third Roy Riess to second 0-0: Ball 1-0: Called Strike 1-1: Ball 2-1: Called Strike 2-2: Ball 3-2: Base on Balls
|
Batting: RHB Max Schellekens
|
0-0: Ball 1-0: Called Strike 1-1: Called Strike 1-2: Strikes out swinging
|
Bottom of the 7th over - 3 runs, 1 hit, 0 errors, 3 left on base; Eugene 0 - Boise 20 |
TOP OF THE 8TH |
Eugene Emeralds batting - Pitching for Boise Hawks : RHP Danny Rasdall
|
Pitching: RHP Jose Godreau
|
|
Now at 2B: Max Schellekens
|
|
Now at 3B: Jaden Mills
|
|
Now at SS: Mike Manchester
|
|
Now in LF: Brent Moody
|
|
Batting: RHB Ricardo Aguinaga
|
0-0: Ground out 5-3 (Groundball, 56S, EV 66.2 MPH)
|
Batting: RHB Bill Holmes
|
0-0: Ball 1-0: Ball 2-0: Ball 3-0: Called Strike 3-1: Base on Balls
|
Batting: RHB Han-seung Hah
|
0-0: Called Strike 0-1: Ball 1-1: Ball 2-1: Called Strike 2-2: Strikes out swinging
|
Batting: RHB Jerry Blas
|
0-0: Called Strike 0-1: Swinging Strike 0-2: Ball 1-2: Ball 2-2: Strikes out swinging
|
Top of the 8th over - 0 runs, 0 hits, 0 errors, 1 left on base; Eugene 0 - Boise 20 |
BOTTOM OF THE 8TH |
Boise Hawks batting - Pitching for Eugene Emeralds : RHP Jonathan Ridgely
|
Batting: LHB Mick Knopp
|
0-0: Ball 1-0: Ball 2-0: Foul Ball, location: 2F 2-1: SOLO HOME RUN (Flyball, 8RXD, EV 106.2 MPH), Distance : 426 ft
|
Batting: RHB Jaden Mills
|
0-0: Ball 1-0: DOUBLE (Line Drive, 89D, EV 101.2 MPH)
|
Batting: LHB Matt Steinke
|
0-0: SINGLE (Groundball, 34D, EV 103.1 MPH) Jaden Mills to third Runner from 3rd tries for Home, SAFE, throw by RF to home Matt Steinke to second
|
Batting: RHB Brent Moody
|
0-0: Fly out, F7 (Flyball, 7LD, EV 95.0 MPH)
|
Batting: RHB Mike Manchester
|
0-0: Called Strike 0-1: Called Strike 0-2: Ball 1-2: Foul Ball, location: 2F Balk! Matt Steinke to third 1-2: Foul Ball, location: 2F 1-2: DOUBLE (Line Drive, 9LM, EV 105.0 MPH) Matt Steinke scores
|
Batting: LHB Ryan Rodgers
|
0-0: Ball 1-0: Ball 2-0: Ball 3-0: Base on Balls
|
Batting: LHB Roy Riess
|
0-0: DOUBLE (Groundball, 3L, EV 94.4 MPH) Mike Manchester scores Ryan Rodgers to third Runner from 3rd tries for Home, SAFE, throw by RF to home
|
Batting: RHB Bobby Gulsby
|
0-0: Fly out, F7 (Flyball, 7LD, EV 103.1 MPH) Runner from 2nd tags up, SAFE at 3rd, no throw by LF
|
Batting: RHB Max Schellekens
|
0-0: Ball Wild Pitch! Roy Riess scores 1-0: Ball 2-0: Ball 3-0: Base on Balls
|
Batting: LHB Mick Knopp
|
0-0: DOUBLE (Groundball, 5L, EV 102.5 MPH) Max Schellekens to third
|
Batting: RHB Jaden Mills
|
0-0: Ball 1-0: Fly out, F9 (Line Drive, 9, EV 85.0 MPH)
|
Bottom of the 8th over - 6 runs, 6 hits, 0 errors, 2 left on base; Eugene 0 - Boise 26 |
TOP OF THE 9TH |
Eugene Emeralds batting - Pitching for Boise Hawks : RHP Jose Godreau
|
Batting: SHB Andrew Baron
|
0-0: Called Strike 0-1: Called Strike 0-2: Ball 1-2: Ball 2-2: Foul Ball, location: 2F 2-2: DOUBLE (Line Drive, 7LS, EV 105.6 MPH)
|
Pitching: LHP Ruben Nunez
|
|
Batting: RHB Andy Huntley
|
0-0: Fly out, F7 (Flyball, 78D, EV 93.8 MPH)
|
Batting: RHB Du Kim
|
0-0: Foul Ball, location: 2F 0-1: Ball 1-1: SINGLE (Groundball, 6MD, EV 104.4 MPH) Andrew Baron to third
|
Batting: RHB Taylor Garofalo
|
0-0: Ball 1-0: Called Strike 1-1: Ball 2-1: Called Strike 2-2: Strikes out looking
|
Batting: RHB Leonardo Nava
|
0-0: Ball 1-0: Ball 2-0: Ground out U3 (Groundball, 34, EV 84.4 MPH)
|
Top of the 9th over - 0 runs, 2 hits, 0 errors, 2 left on base; Eugene 0 - Boise 26 |
|